 Dungeon Sprint DCSS version 0.26-a0-665-gefeb406119 (webtiles) character file.

Game seed: 899133514349245694

12749 jesuscristo the Gelid (level 11, -4/117 HPs)
             Began as an Ogre Ice Elementalist on Oct 14, 2020.
             Was the Champion of Vehumet.
             Slain by a lorocyproca (24 damage)
             ... in the Dungeon (Sprint I: "Red Sonja").
             The game lasted 00:29:26 (3964 turns).

jesuscristo the Gelid (Ogre Ice Elementalist)       Turns: 3964, Time: 00:29:26

Health: -4/117     AC: 17    Str: 14    XL:     11   Next: 98%
Magic:  1/28       EV: 10    Int: 23    God:    Vehumet [******]
Gold:   31         SH: 10    Dex: 15    Spells: 8/36 levels left

rFire    . . .     SeeInvis .   a - +10 mace "Boenleos" {flame, Int+4}
rCold    . . .     Faith    .   g - +0 kite shield {AC+3}
rNeg     . . .     Spirit   .   m - +0 troll leather armour
rPois    .         Reflect  .   (helmet restricted)
rElec    .         Harm     .   (no cloak)
rCorr    .         Rampage  .   (gloves unavailable)
MR       +....     NoTele   +   (boots unavailable)
Stlth    +++.......             (no amulet)
HPRegen  0.69/turn              n - +6 ring of dexterity (curse)
MPRegen  0.21/turn              h - ring of stealth

@: icy armour
A: large, unfitting armour, tough skin 1
a: Renounce Religion


You were in the Dungeon.
You worshipped Vehumet.
Vehumet was exalted by your worship.
You visited 1 branch You collected 2449 gold pieces.
You spent 2418 gold pieces at shops.

Inventory:

Hand Weapons
 a - the +10 mace "Boenleos" (weapon) {flame, Int+4}
   (You bought it in a shop in the Dungeon)

   It has been specially enchanted to burn those struck by it, causing extra
   injury to most foes and up to half again as much damage against particularly
   susceptible opponents.
   It affects your intelligence (+4).
 b - a +6 mace of draining
Missiles
 i - 3 curare-tipped darts (quivered)
Armour
 g - a +0 kite shield of protection (worn)
 m - a +0 troll leather armour (worn)
Jewellery
 h - a ring of stealth (right hand)
 n - a cursed +6 ring of dexterity (left hand)
Potions
 c - a potion of curing
 e - a potion of haste
 f - 3 potions of magic
 j - a potion of lignification
Miscellaneous
 k - a condenser vane (2/2)
 l - a box of beasts (inert)
 o - a phantom mirror


   Skills:
 - Level 10.0 Fighting
 * Level 13.1 Maces & Flails
 * Level 4.6 Armour
 - Level 1.7 Dodging
 - Level 1.4 Stealth
 * Level 8.9 Shields
 * Level 13.1 Spellcasting
 * Level 16.2 Ice Magic
 * Level 3.6 Evocations


You had 8 spell levels left.
You knew the following spells:

 Your Spells              Type           Power        Failure   Level
a - Freeze                Ice            ####         0%          1
b - Frozen Ramparts       Ice            ######       0%          3
c - Ozocubu's Armour      Ice            ######..     1%          3
d - Summon Ice Beast      Ice/Summ       ######..     1%          4
e - Hailstorm             Conj/Ice       ######..     1%          4
f - Freezing Cloud        Conj/Ice/Air   #####.....   21%         6
g - Orb of Destruction    Conj           ###.......   100%        7

Your spell library contained the following spells:

 Spells                   Type           Power        Failure   Level
 Starburst                Conj/Fire      ###.......   86%         6


Dungeon Overview and Level Annotations

Branches:
Dungeon (1/1)

Altars:
Cheibriados
Dithmenos
Elyvilon
Fedhas
Gozag
Hepliaklqana
Kikubaaqudgha
Makhleb
Nemelex Xobeh
Okawaru
Qazlal
Ru
Sif Muna
Trog
Uskayaw
Vehumet
Wu Jian
Xom
Yredelemnul
Zin
The Shining One
Jiyva
Lugonu

Shops:
D (([}*?}((?(!=}*[[

Annotations:
D exclusion: oklob plant


Innate Abilities, Weirdness & Mutations

You are too large for most types of armour.
You have tough skin. (AC +1)


Message History

You're too confused to move!
You are engulfed in noxious fumes.
You choke on the stench!
You are more confused.
Something hits you!
* * * LOW HITPOINT WARNING * * *
You feel your power leaking away.
You feel better.
You are engulfed in noxious fumes.
You choke on the stench!
You are confused.
* * * LOW HITPOINT WARNING * * *
The frozen ramparts melt away.
Something hits you but does no damage.
You feel better. Something hits you!!
* * * LOW HITPOINT WARNING * * *
You feel much better. Something hits you!!
* * * LOW HITPOINT WARNING * * *
You aren't carrying any scrolls.
You feel better. Something hits you!!
* * * LOW HITPOINT WARNING * * *
You feel better. Something hits you but does no damage.
You feel better. Something hits you!!
You die...

#################################
.#__#..[[..#§.#§.§§§.§.§§§'..#^^+
.'..'..#...##'#§####§§§§.##..'^^#
'#__####...'.§#§# ###§§§#######n#
.####§§#####§§§§#+#$###+# #..#
.#§§§§§#§.##'####^.$#)#§# #.n#
.'§≈§§§'.§#.^○○^#..$###§§###$#..≈
_#§≈§.§#..#○.☼°.@{.$$$##.#A#$#.)≈
+##§#####'###☼○○#^....# .###$#.)≈
#(((.###.'.#^^.###++## ##..$#..≈
###'###)###.#°^## +###..≈
'.....'.∩##.#^°# #P≈..#
###########.##'# #M≈..#
##.......##.##.# ###..#
.#.......§§.#### +..#
.#'''######§# ##+#


There were no monsters in sight!

Vanquished Creatures
  A deep elf annihilator (D)
  A hydra (D)
  2 centaur warriors (D)
  Sonja (D)
  2 unseen horrors (D)
  A deep troll (D)
  A lindwurm (D)
  An oklob plant (D)
  A merfolk siren (D)
  A gargoyle (D)
  2 kobold demonologists (D)
  A hellwing (D)
  A meliai (D)
  4 demonic crawlers (D)
  5 hornets (D)
  A slime creature (D)
  2 redbacks (D)
  Sigmund (D)
  13 hogs (D)
  A yak (D)
  3 floating eyes (D)
  3 necrophages (D)
  An ogre (D)
  8 jellies (D)
  Ijyb (D)
59 creatures vanquished.

Vanquished Creatures (collateral kills)
  A merfolk siren (D)
  4 necrophages (D)
5 creatures vanquished.

Vanquished Creatures (others)
  A gargoyle (D)
  2 ballistomycete spores (D)
3 creatures vanquished.

Grand Total: 67 creatures vanquished

Notes
Turn   | Place    | Note
-------+----------+-------------------------------------------
     0 | D        | jesuscristo the Ogre Ice Elementalist began the quest for
                  | the Orb.
     0 | D        | Reached XP level 1. HP: 16/16 MP: 3/3
     1 | D        | Noticed Ijyb
    26 | D        | Killed Ijyb
    26 | D        | Reached skill level 6 in Ice Magic
    26 | D        | Reached XP level 2. HP: 13/24 MP: 1/6
    26 | D        | Reached XP level 3. HP: 16/31 MP: 1/7
   215 | D        | Learned a level 3 spell: Frozen Ramparts
   219 | D        | Learned a level 3 spell: Ozocubu's Armour
   219 | D        | Noticed an ogre
   226 | D        | Killed an ogre
   226 | D        | Reached skill level 8 in Ice Magic
   226 | D        | Reached XP level 4. HP: 30/39 MP: 0/10
   294 | D        | Noticed Sigmund
   307 | D        | Killed Sigmund
   307 | D        | Reached skill level 10 in Ice Magic
   307 | D        | Reached XP level 5. HP: 13/45 MP: 4/15
   307 | D        | Reached XP level 6. HP: 15/53 MP: 4/17
   359 | D        | Killed a gargoyle
   538 | D        | Found a shimmering blue altar of Sif Muna.
   539 | D        | Found an ornate altar of the Wu Jian Council.
   540 | D        | Found a radiant altar of Vehumet.
   552 | D        | Became a worshipper of Vehumet
   570 | D        | Found Kefetatot's Antique Weapon Emporium.
   570 | D        | Found an ancient bone altar of Kikubaaqudgha.
   570 | D        | Found a hazy altar of Hepliaklqana.
   570 | D        | Found a stormy altar of Qazlal.
   570 | D        | Found a hide-covered altar of Uskayaw.
   570 | D        | Found a blossoming altar of Fedhas.
   570 | D        | Found a bloodstained altar of Trog.
   570 | D        | Found an iron altar of Okawaru.
   570 | D        | Found a basalt altar of Yredelemnul.
   570 | D        | Found a glowing golden altar of the Shining One.
   570 | D        | Found a snail-covered altar of Cheibriados.
   570 | D        | Found a sacrificial altar of Ru.
   570 | D        | Found a glowing silver altar of Zin.
   570 | D        | Found a shadowy altar of Dithmenos.
   570 | D        | Found a white marble altar of Elyvilon.
   570 | D        | Noticed a yak
   574 | D        | Killed a yak
   574 | D        | Reached skill level 10 in Spellcasting
   575 | D        | Found an opulent altar of Gozag.
   576 | D        | Found a sparkling altar of Nemelex Xobeh.
   580 | D        | Bought a glowing mace for 96 gold pieces
   685 | D        | Found a burning altar of Makhleb.
   685 | D        | Found a viscous altar of Jiyva.
   685 | D        | Found a shimmering altar of Xom.
   685 | D        | Found a corrupted altar of Lugonu.
   685 | D        | Noticed a slime creature
   692 | D        | Killed a slime creature
   692 | D        | Reached XP level 7. HP: 69/81 MP: 9/20
   698 | D        | Learned a level 4 spell: Summon Ice Beast
   703 | D        | Learned a level 4 spell: Hailstorm
   768 | D        | Noticed a kobold demonologist
   769 | D        | Noticed a kobold demonologist
   772 | D        | Reached * piety under Vehumet
   772 | D        | Offered knowledge of Foxfire by Vehumet.
   774 | D        | Noticed a sun demon
   776 | D        | Killed a kobold demonologist
   776 | D        | Reached skill level 10 in Fighting
   776 | D        | Reached XP level 8. HP: 93/93 MP: 17/22
   778 | D        | Killed a kobold demonologist
   780 | D        | Noticed a demonic crawler
   780 | D        | Noticed a demonic crawler
   780 | D        | Noticed a demonic crawler
   780 | D        | Noticed a demonic crawler
   795 | D        | Noticed Sonja
   805 | D        | Killed Sonja
   805 | D        | Reached ** piety under Vehumet
   805 | D        | Reached skill level 11 in Ice Magic
   805 | D        | Reached XP level 9. HP: 86/101 MP: 11/23
   866 | D        | Found Siywn's Antique Weapon Boutique.
   905 | D        | Noticed a deep troll
   914 | D        | Killed a deep troll
   914 | D        | Reached skill level 12 in Ice Magic
   926 | D        | Found Povic's Armour Emporium.
   931 | D        | Bought a +0 kite shield of protection for 161 gold pieces
   968 | D        | Noticed a centaur warrior
   972 | D        | Killed a centaur warrior
   972 | D        | Offered knowledge of Shock by Vehumet.
   972 | D        | Reached skill level 10 in Maces & Flails
   972 | D        | Reached skill level 13 in Ice Magic
   973 | D        | Noticed a centaur warrior
   981 | D        | Killed a centaur warrior
   981 | D        | Reached skill level 14 in Ice Magic
   981 | D        | Reached XP level 10. HP: 89/110 MP: 24/24
  1068 | D        | Reached *** piety under Vehumet
  1119 | D        | Noticed an oklob plant
  1129 | D        | Killed an oklob plant
  1129 | D        | Offered knowledge of Conjure Flame by Vehumet.
  1129 | D        | Reached skill level 15 in Ice Magic
  1303 | D        | Offered knowledge of Mephitic Cloud by Vehumet.
  1304 | D        | Reached skill level 5 in Shields
  1541 | D        | Killed an unseen horror
  1541 | D        | Reached **** piety under Vehumet
  1553 | D        | Killed an unseen horror
  1553 | D        | Offered knowledge of Inner Flame by Vehumet.
  1618 | D        | Reached ***** piety under Vehumet
  1725 | D        | Offered knowledge of Freezing Cloud by Vehumet.
  1734 | D        | Learned a level 6 spell: Freezing Cloud
  1806 | D        | Found Ykeasaol's Gadget Shoppe.
  1806 | D        | Found Menon's Antique Armour Shop.
  1806 | D        | Found Nualieh's Assorted Antiques.
  1808 | D        | Found Imaocys's Magic Scroll Emporium.
  1808 | D        | Found Tohegg's Gadget Shop.
  1808 | D        | Found Nisikkog's Weapon Shoppe.
  1808 | D        | Found Pyplesk's Weapon Boutique.
  1808 | D        | Found Kerapp's Magic Scroll Emporium.
  1808 | D        | Found Dorruimm's Weapon Shop.
  1808 | D        | Found Durenab's Distillery.
  1810 | D        | Found Unkunwa's Jewellery Boutique.
  1811 | D        | Found Wutre's Assorted Antiques.
  1811 | D        | Found Zeghoiseod's Gadget Boutique.
  1812 | D        | Found Dojy's Antique Armour Emporium.
  1843 | D        | Bought a troll leather armour for 360 gold pieces
  1858 | D        | Bought the +10 mace "Boenleos" {flame, Int+4} for 849 gold
                  | pieces
  1927 | D        | Reached skill level 1 in Armour
  1927 | D        | Reached XP level 11. HP: 57/117 MP: 12/25
  2093 | D        | Bought a jade ring for 100 gold pieces
  2105 | D        | Bought a scroll of blinking for 97 gold pieces
  2165 | D        | Noticed a lindwurm
  2174 | D        | Killed a lindwurm
  2174 | D        | Reached skill level 1 in Evocations
  2263 | D        | Reached ****** piety under Vehumet
  2263 | D        | Offered knowledge of Olgreb's Toxic Radiance by Vehumet.
  2331 | D        | Noticed a daeva
  2371 | D        | Noticed a 12-headed hydra
  2379 | D        | Killed a 12-headed hydra
  2602 | D        | Offered knowledge of Orb of Destruction by Vehumet.
  2611 | D        | Learned a level 7 spell: Orb of Destruction
  3094 | D        | Noticed a shadow dragon
  3095 | D        | Noticed a golden dragon
  3154 | D        | Noticed a deep elf annihilator
  3163 | D        | Reached skill level 16 in Ice Magic
  3178 | D        | Killed a deep elf annihilator
  3253 | D        | Paralysed by a hornet for 1 turns
  3257 | D        | Paralysed by a hornet for 2 turns
  3260 | D        | Offered knowledge of Starburst by Vehumet.
  3403 | D        | Noticed a mummy priest
  3422 | D        | Noticed a phantasmal warrior
  3560 | D        | Noticed an oklob plant
  3801 | D        | Bought a condenser vane (2/2) for 280 gold pieces
  3801 | D        | Bought a phantom mirror for 420 gold pieces
  3892 | D        | Bought a potion of heal wounds for 55 gold pieces
  3960 | D        | HP: 5/117 [something (25)]
  3964 | D        | Slain by a lorocyproca

Illustrated notes

Levels and vault maps discovered:
D:        dungeon_sprint_1 [red_sonja_temple_1, red_sonja_temple_small_1]

Skill      XL: |  1  2  3  4  5  6  7  8  9 10 11 |
---------------+----------------------------------+-----
Spellcasting   | 3 4 8 10 13 | 13.1
Ice Magic      | 6 8 10 11 14 15 16 | 16.2
Fighting       | 8 10 | 10.0
Maces & Flails | 3 7 9 10 12 13 | 13.1
Shields        | 3 7 8 |  8.9
Armour         | 1 4 |  4.6
Evocations     | 3 |  3.6
Dodging        | |  1.7
Stealth        | |  1.4

Action                   |  1- 3 |  4- 6 |  7- 9 | 10-12 || total
-------------------------+-------+-------+-------+-------++-------
Melee: Unarmed           |    24 |     1 |       |       ||    25
       Mace              |       |       |    13 |   109 ||   122
Throw: Dart              |       |       |     3 |     1 ||     4
 Cast: Freeze            |     4 |     7 |     1 |       ||    12
       Frozen Ramparts   |     1 |     4 |     4 |    20 ||    29
       Ozocubu's Armour  |     1 |     3 |     5 |    17 ||    26
       Summon Ice Beast  |       |       |     3 |    14 ||    17
       Hailstorm         |       |       |     1 |     2 ||     3
       Freezing Cloud    |       |       |       |     4 ||     4
Evoke: Box of beasts     |       |       |       |    10 ||    10
  Use: Potion            |     1 |       |       |     9 ||    10
       Scroll            |       |       |       |     7 ||     7
Armor: Robe              |     6 |     2 |     5 |    12 ||    25
       Troll leather arm |       |       |       |    71 ||    71
Dodge: Dodged            |    10 |     7 |     4 |    62 ||    83
Block: Kite shield       |       |       |     1 |    79 ||    80

Table legend: (Time is in decaauts)
 A = Elapsed time spent in this place.
 B = Non-inter-level travel time spent in this place.
 C = Inter-level travel time spent in this place.
 D = Time resting spent in this place.
 E = Time spent auto-exploring this place.
 F = Levels seen in this place.
 G = Mean time per level.
                   A        B        C        D        E       F      G
               +--------+--------+--------+--------+--------+-----+--------+
         Total |   4001 |   3643 |    358 |   2214 |    350 |   1 | 4001.0 |
       Dungeon |   4001 |   3643 |    358 |   2214 |    350 |   1 | 4001.0 |
               +--------+--------+--------+--------+--------+-----+--------+

Top non-repeatable levels by time:
       D: 4001 daAuts
